 Dungeon Crawl Stone Soup version 0.18-a0-1542-g9c1a92e (webtiles) character file.

3759 namelastname112 the Martial Artist (level 9, -8/74 HPs)
             Began as a Pale Draconian Monk on Mar 10, 2016.
             Was an Elder of Makhleb.
             Mangled by a salamander stormcaller
             ... wielding a +0 trident
              (24 damage)
             ... on level 10 of the Dungeon.
             The game lasted 00:13:24 (7256 turns).

namelastname112 the Martial Artist (DrMo)           Turns: 7256, Time: 00:13:24

Health: -8/74      AC:  9    Str: 15    XL:     9   Next: 94%
Magic:  12/12      EV: 16    Int: 10    God:    Makhleb [****..]
Gold:   549        SH:  0    Dex: 25    Spells: 0 memorised, 8 levels left

rFire  . . .     SeeInvis .       - Unarmed
rCold  . . .     Gourm    .     (armour unavailable)
rNeg   . . .     Faith    .     (no shield)
rPois  +         Spirit   .     (helmet restricted)
rElec  .         Dismiss  .     v - +1 cloak
rCorr  .         Reflect  .     (no gloves)
SustAt .         Harm     .     (no boots)
MR     .....                    g - amulet of regeneration
Stlth  +.........               E - ring of wizardry
                                q - ring of Hiosch {rPois Dex+9 Slay+2}

@: liquid flames, glowing, not resistant to hostile enchantments, very
unstealthy
A: breathe steam, unfitting armour, cold-blooded, AC +7
a: Breathe Steam, Minor Destruction, Lesser Servant of Makhleb, Major
Destruction, Renounce Religion


You were on level 10 of the Dungeon.
You worshipped Makhleb.
Makhleb was greatly pleased with you.
You were hungry.

You visited 2 branches of the dungeon, and saw 11 of its levels.

You collected 549 gold pieces.

Inventory:

Armour
 v - a +1 cloak (worn)
Jewellery
 g - an amulet of regeneration (around neck)
 q - the ring of Hiosch (left hand) {rPois Dex+9 Slay+2}
   (You found it on level 4 of the Dungeon)

   [ring of poison resistance]

   It affects your dexterity (+9).
   It affects your accuracy and damage with ranged weapons and melee attacks
   (+2).
   It protects you from poison.
 E - a ring of wizardry (right hand)
Wands
 h - a wand of polymorph (0/24)
 l - a wand of teleportation (3/9)
 p - a wand of teleportation (6/9)
 z - a wand of flame (13/48)
 H - a wand of flame (17/48)
Scrolls
 b - 10 scrolls of remove curse
 j - 2 scrolls of teleportation
 r - 2 scrolls of immolation
 y - 2 scrolls of fog
Potions
 c - a potion of curing {unknown}
 i - 3 potions of agility
 k - 3 potions of brilliance
 o - 4 potions of flight
 B - a potion of resistance
 C - a potion of heal wounds
 I - a potion of ambrosia
Books
 s - a book of the Tempests

   Spells                             Type                      Level
   a - Static Discharge               Conjuration/Air              3
   b - Lightning Bolt                 Conjuration/Air              5
   c - Fireball                       Conjuration/Fire             5
   d - Tornado                        Air                          9
   e - Shatter                        Earth                        9
 t - a book of Burglary

   Spells                             Type                      Level
   a - Swiftness                      Charms/Air                   2
   b - Passwall                       Transmutation/Earth          2
   c - Passage of Golubria            Translocation                4
   d - Lee's Rapid Deconstruction     Earth                        5
   e - Darkness                       Hexes                        6
   f - Invisibility                   Hexes                        6
 w - a book of Fire

   Spells                             Type                      Level
   a - Ignite Poison                  Fire/Transmutation/Poison    3
   b - Fireball                       Conjuration/Fire             5
   c - Bolt of Fire                   Conjuration/Fire             6
   d - Delayed Fireball               Conjuration/Fire             7
   e - Ring of Flames                 Charms/Fire                  7
Comestibles
 a - 4 bread rations
 f - 2 meat rations
 A - a beef jerky
 D - 27 fruits


   Skills:
 + Level 5.3 Fighting
 + Level 4.6 Dodging
 - Level 1.7 Stealth
 + Level 12.7 Unarmed Combat
 + Level 4.1 Invocations


You had 8 spell levels left.
You didn't know any spells.

Dungeon Overview and Level Annotations

Branches:
Dungeon (10/15)            Temple (1/1) D:4             Orc (0/2) D:9
   Lair: D:8-11

Altars:
Ashenzari
Cheibriados
Dithmenos
Elyvilon
Fedhas
Kikubaaqudgha
Makhleb
Nemelex Xobeh
Okawaru
Pakellas
Qazlal
Ru
Trog
Vehumet
Xom
Yredelemnul
Zin
The Shining One


Innate Abilities, Weirdness & Mutations

You can breathe blasts of scalding, opaque steam.
Your pale cyan-grey scales are hard (AC +7).
Your body does not fit into most forms of armour.
You are cold-blooded and may be slowed by cold attacks.


Message History

The salamander stormcaller gathers magical energy.
The orc barely misses you.
You closely miss the salamander stormcaller.
You tail-slap the salamander stormcaller.
The salamander stormcaller is almost dead.
You are covered in liquid flames!
The salamander stormcaller hits you with a trident!
You are engulfed in flames!!
The orc completely misses you.
You hit the salamander stormcaller but do no damage.
You tail-slap the salamander stormcaller, but do no damage.
The salamander stormcaller is almost dead.
You are covered in liquid flames!
You hit the salamander stormcaller but do no damage.
You tail-slap the salamander stormcaller.
The salamander stormcaller is almost dead.
You are covered in liquid flames!
The salamander stormcaller hits you with a trident!
* * * LOW HITPOINT WARNING * * *
You are engulfed in flames!!
You die...

...# #..# #..#
#..#.######
#..#......N######.#
#..########@o.....#
#..........########
#.................
######.##.##.##.######.
................#
........#########
.......## ########


You could see a salamander stormcaller and an orc.

Vanquished Creatures
  An ugly thing (D:7)
  Prince Ribbit (D:7)
  Sigmund (D:2)
  Eustachio (D:6)
  2 hippogriffs
  A hungry ghost (D:8)
  Duvessa (D:7)
  An ice beast (D:6)
  An orc warrior (D:9)
  A sky beast (D:5)
  A wasp (D:7)
  A boggart (D:3)
  An ogre (D:4)
  An eye of draining (D:8)
  A centaur (D:7)
  2 big kobolds
  A gnoll sergeant (D:5)
  A giant frog (D:8)
  Dowan (D:7)
  2 scorpions (D:4)
  6 killer bees
  4 wights (D:6)
  A jelly (D:9)
  A crimson imp (D:10)
  3 hounds
  An orc priest (D:10)
  A giant frog skeleton (D:7)
  4 orc wizards
  An iguana (D:7)
  Ijyb (D:2)
  4 worker ants
  2 hound zombies (D:8)
  A hound skeleton (D:4)
  Robin (D:2)
  7 gnolls
  A worker ant zombie (D:8)
  7 adders
  2 shadow imps
  3 oozes
  An adder zombie (D:5)
  5 worms
  4 dart slugs
  3 giant geckos
  17 orcs
  4 giant cockroaches
  12 goblins
  16 hobgoblins
  4 jackals
  2 quokkas
  2 ball pythons
  6 bats
  A giant gecko skeleton (D:8)
  A giant gecko zombie (D:7)
  5 giant newts
  13 kobolds
  8 rats
178 creatures vanquished.

Notes
Turn   | Place    | Note
--------------------------------------------------------------
     0 | D:1      | namelastname112 the Draconian Monk began the quest for the Orb.
     0 | D:1      | Reached XP level 1. HP: 19/19 MP: 1/1
   349 | D:1      | Reached XP level 2. HP: 23/26 MP: 2/2
   837 | D:1      | Reached skill level 5 in Unarmed Combat
   837 | D:1      | Reached XP level 3. HP: 23/31 MP: 3/3
  1270 | D:2      | Noticed Sigmund
  1328 | D:2      | Killed Sigmund
  1328 | D:2      | Reached skill level 6 in Unarmed Combat
  1328 | D:2      | Reached XP level 4. HP: 17/38 MP: 4/4
  1328 | D:2      | Reached XP level 5. HP: 20/45 MP: 5/5
  1416 | D:2      | Noticed Robin
  1458 | D:2      | Reached skill level 7 in Unarmed Combat
  1467 | D:2      | Killed Robin
  1563 | D:2      | Found a glowing silver altar of Zin.
  1565 | D:2      | Reached XP level 6. HP: 49/51 MP: 6/6
  1655 | D:2      | Noticed Ijyb
  1664 | D:2      | Killed Ijyb
  1943 | D:3      | Found an oddly glowing altar of Pakellas.
  2176 | D:3      | Found a faded altar to an unknown god.
  2571 | D:3      | Noticed Crazy Yiuf
  2574 | D:3      | Noticed Crazy Yiuf
  2574 | D:3      | Crazy Yiuf changed into Crazy Yiuf the boggart
  2582 | D:3      | Killed Crazy Yiuf the boggart
  2582 | D:3      | Reached skill level 8 in Unarmed Combat
  2731 | D:4      | HP: 1/51 [ogre/giant club (13)]
  2766 | D:4      | Your scales start taking on a pale cyan-grey colour.
  2766 | D:4      | Reached XP level 7. HP: 22/57 MP: 7/7
  2925 | D:4      | Got a brightly glowing glass ring
  2926 | D:4      | Identified the ring of Hiosch {rPois Dex+9 Slay+2} (You found it on level 4 of the Dungeon)
  2969 | D:4      | Found a staircase to the Ecumenical Temple.
  3014 | Temple   | Entered the Ecumenical Temple
  3166 | Temple   | Became a worshipper of Makhleb the Destroyer
  3166 | Temple   | Reached * piety under Makhleb
  3166 | Temple   | Reached ** piety under Makhleb
  3269 | D:4      | Reached skill level 9 in Unarmed Combat
  3659 | D:5      | Entered Level 5 of the Dungeon
  3680 | D:5      | Found a white marble altar of Elyvilon.
  3801 | D:5      | Found a blossoming altar of Fedhas.
  4395 | D:6      | Noticed Eustachio
  4411 | D:6      | Killed Eustachio
  4411 | D:6      | Reached skill level 10 in Unarmed Combat
  4411 | D:6      | Reached XP level 8. HP: 63/63 MP: 8/8
  4428 | D:6      | Found a white marble altar of Elyvilon.
  4702 | D:6      | Reached skill level 11 in Unarmed Combat
  4900 | D:6      | Found an ancient bone altar of Kikubaaqudgha.
  4900 | D:6      | Found a shadowy altar of Dithmenos.
  5031 | D:7      | Noticed a brown ugly thing
  5067 | D:7      | Killed a brown ugly thing
  5200 | D:7      | Reached *** piety under Makhleb
  5261 | D:7      | Noticed Duvessa
  5265 | D:7      | Noticed Dowan
  5295 | D:7      | Killed Duvessa
  5295 | D:7      | Reached skill level 12 in Unarmed Combat
  5334 | D:7      | Killed Dowan
  5334 | D:7      | Reached XP level 9. HP: 70/70 MP: 9/9
  5469 | D:7      | Noticed Prince Ribbit
  5472 | D:7      | Killed Prince Ribbit
  5472 | D:7      | Reached skill level 1 in Invocations
  5988 | D:8      | Found a sparkling altar of Nemelex Xobeh.
  6323 | D:8      | Reached **** piety under Makhleb
  6409 | D:9      | Reached skill level 5 in Fighting
  6617 | D:9      | Found a staircase to the Orcish Mines.
  6992 | D:9      | Noticed a cyclops
  7187 | D:10     | Entered Level 10 of the Dungeon
  7247 | D:10     | Noticed a salamander stormcaller
  7256 | D:10     | Mangled by a salamander stormcaller

Vault maps used:
D:1:      minmay_arrival_glassed_features, serial_park_tiny_pond
D:2:      old_standard_altar, first_bread, uniq_robin, uniq_iyjb, uniq_sigmund
D:3:      grunt_pakellas_basics, ecumenical_altar_1, uniq_crazy_yiuf_cottage
D:4:      minmay_temple_entry_mist
D:5:      kennysheep_mini, fedhas_altar_1
D:6:      minitemple, elyvilon_altar_4, uniq_eustachio
D:7:      uniq_duvessa, uniq_prince_ribbit1
D:8:      nemelex_xobeh_ov_fountains_minmay
D:9:      orc_0_dummy, blue_anna_alchemist, onia_ninara_dug_in_and_dangerous
D:10:     minmay_distorted_concentric_squares, minivault_15
Temple:   hc_temple_tempest_star

Skill      XL: |  1  2  3  4  5  6  7  8  9 |
---------------+----------------------------+-----
Unarmed Combat | 5 6 7 8 10 12 | 12.7
Dodging        | 4 |  4.6
Invocations    | 4 |  4.1
Fighting       | 5 |  5.3
Stealth        | |  1.7

Action                   |  1- 3 |  4- 6 |  7- 9 || total
-------------------------+-------+-------+-------++-------
Melee: Unarmed           |   127 |   145 |   246 ||   518
 Abil: Breathe Steam     |       |       |    20 ||    20
Evoke: Wand              |       |     2 |     3 ||     5
  Use: Potion            |     1 |       |       ||     1
       Scroll            |       |       |    18 ||    18
 Stab: Sleeping          |       |     4 |    11 ||    15
  Eat: Chunk             |     1 |     4 |     9 ||    14
       Beef jerky        |       |       |     2 ||     2
       Meat ration       |       |       |     1 ||     1
